 Dungeon Crawl Stone Soup version 0.18.1-6-gd335043 (webtiles) character file.

375 dorian the Chiller (level 6, -4/41 HPs)
             Began as a Merfolk Ice Elementalist on May 17, 2016.
             Slain by a phantom (9 damage)
             ... on level 5 of the Dungeon.
             The game lasted 00:08:53 (4024 turns).

dorian the Chiller (Merfolk Ice Elementalist)       Turns: 4024, Time: 00:08:54

Health: -4/41      AC:  5    Str:  8    XL:     6   Next: 72%
Magic:  3/9        EV: 12    Int: 16    God:
Gold:   178        SH:  0    Dex: 15    Spells: 3 memorised, 2 levels left

rFire  . . .     SeeInvis .     t - +3 hunting sling (freeze)
rCold  . . .     Gourm    .     B - +3 leather armour
rNeg   . . .     Faith    .     (no shield)
rPois  .         Spirit   .     (helmet restricted)
rElec  .         Dismiss  .     (no cloak)
rCorr  .         Reflect  .     o - +0 pair of gloves
SustAt .         Harm     .     (no boots)
MR     .....                    (no amulet)
Stlth  ++........               (no ring)
                                (no ring)

@: lethally poisoned (-4 -> -5), not resistant to hostile enchantments,
unstealthy
A: change form in water, swift swim, horns 1, deformed body, deterioration 1
a: no special abilities


You were on level 5 of the Dungeon.
You were hungry.

You visited 1 branch of the dungeon, and saw 5 of its levels.

You collected 178 gold pieces.

Inventory:

Hand Weapons
 l - a +2 vampiric dagger
   (You took it off a goblin on level 2 of the Dungeon)
 t - a +3 hunting sling of freezing (weapon)
   (You found it on level 2 of the Dungeon)
 v - a cursed -3 whip
   (You found it on level 3 of the Dungeon)
Missiles
 i - 4 javelins
 u - 85 stones (quivered)
Armour
 a - a +0 robe
 o - a +0 pair of gloves (worn)
   (You found it on level 2 of the Dungeon)
 B - a +3 leather armour (worn)
   (You found it on level 3 of the Dungeon)
Wands
 k - a wand of enslavement (12/24)
   (You took it off Ijyb on level 2 of the Dungeon)
Scrolls
 e - a scroll of noise
 r - 2 scrolls of identify
 s - a scroll of immolation
 C - a scroll of remove curse {unknown}
 D - a scroll of recharging {unknown}
Potions
 b - a potion of magic {unknown}
 d - a potion of invisibility {unknown}
 h - a potion of berserk rage {unknown}
 j - 2 potions of degeneration {unknown}
 n - 3 potions of curing {unknown}
 p - a potion of haste {unknown}
 q - 2 potions of mutation
 x - a potion of flight {unknown}
Books
 A - a book of Frost

   Spells                             Type                      Level
   a - Freeze                         Ice                          1
   b - Throw Frost                    Conjuration/Ice              2
   c - Ozocubu's Armour               Charms/Ice                   3
   d - Throw Icicle                   Conjuration/Ice              4
   e - Summon Ice Beast               Ice/Summoning                4
Comestibles
 c - 5 bread rations
 f - a beef jerky
 g - a meat ration
 z - a fruit


   Skills:
 - Level 2.6 Dodging
 - Level 2.1 Stealth
 - Level 2.0 Spellcasting
 + Level 1.5 Conjurations
 + Level 7.8 Ice Magic


You had 2 spell levels left.
You knew the following spells:

 Your Spells              Type           Power        Failure   Level  Hunger
a - Freeze                Ice            ####         1%          1    #......
b - Throw Frost           Conj/Ice       ###...       10%         2    ###....
c - Throw Icicle          Conj/Ice       ###.....     47%         4    #####..


Dungeon Overview and Level Annotations

Branches:
Dungeon (4/15)
 Temple: D:4-7

Altars:
Cheibriados

Annotations:
D:4 PeterLawrence's ghost, amateur MiFi


Innate Abilities, Weirdness & Mutations

You revert to your normal form in water.
You are very nimble and swift while swimming.
You have a pair of small horns on your head.
Armour fits poorly on your strangely shaped body.
Your body sometimes deteriorates upon taking damage.


Message History

You shoot a stone. The stone hits the centaur skeleton.
You feel sick. The centaur skeleton hits you.
The crimson imp hits you but does no damage.
Firing (i - inventory. (,) - cycle):
u - 87 stones (quivered)
Press: ? - help, Shift-Dir - straight line, f/p - centaur skeleton
Aim: a centaur skeleton You shoot a stone.
The stone hits the centaur skeleton.
The centaur skeleton hits you.
The crimson imp blinks!
The centaur skeleton hits you.
* * * LOW HITPOINT WARNING * * *
Firing (i - inventory. (,) - cycle):
u - 86 stones (quivered)
Press: ? - help, Shift-Dir - straight line, f/p - centaur skeleton
Aim: a centaur skeleton You shoot a stone.
The stone hits the centaur skeleton!
The centaur skeleton hits you.
* * * LOW HITPOINT WARNING * * *
The phantom blinks!
The centaur skeleton barely misses you.
Read which item? (? for menu, Esc to quit)
As you read the scroll labeled XUCKUC DIOPP, it crumbles to dust.
You hear a loud clanging noise!
It was a scroll of noise.
You feel sick.
You hear a shout! x2
The centaur skeleton hits you.
* * * LOW HITPOINT WARNING * * *
Read which item? (? for menu, Esc to quit)
As you read the scroll labeled FESMIU HOLACK, it crumbles to dust.
It is a scroll of identify.
Identify which item? (\ to view known items) (? for menu, Esc to quit)
s - a scroll of immolation;
r - 2 scrolls of identify;
i - 4 javelins The centaur skeleton barely misses you.
Read which item? (? for menu, Esc to quit)
As you read the scroll labeled VEAHUZ WAASOO, it crumbles to dust.
The scroll dissolves into smoke.
It was a scroll of fog.
The centaur skeleton hits you!
* * * LOW HITPOINT WARNING * * *
The centaur skeleton hits you.
* * * LOW HITPOINT WARNING * * *
Drink which item? (? for menu, Esc to quit)
It was a potion of mutation.
You feel extremely strange. A pair of horns grows on your head!
Your body twists and deforms.
You feel yourself wasting away.
The crimson imp shouts, "Decamp, thou beslubbering moldwarp vassal!"
The centaur skeleton hits you but does no damage.
Read which item? (? for menu, Esc to quit)
As you read the scroll labeled BEISTA ATYMORR, it crumbles to dust.
It is a scroll of enchant weapon.
Enchant which weapon? (? for menu, Esc to quit)
Your +2 hunting sling of freezing glows red for a moment.
You feel sick. The phantom hits you!
You die...

...#...#........#.. #
#.##.##...........
#.#...W.l5W.........
#...#.#.#.......(...
###..5#.#........(.(
###.#..).......##.
#§#............
#########§#..#..$......
#.$..5Z@W§#..#.........(
#.#########..#........


You could see a phantom, a crimson imp and a centaur skeleton.

Vanquished Creatures
  A hound (D:3)
  Natasha (thrice) (D:3)
  An iguana (D:5)
  Terence (D:2)
  3 worker ants
  Ijyb (D:2)
  4 adders
  A gnoll (D:1)
  A worm (D:3)
  4 dart slugs
  2 giant geckos
  An orc (D:3)
  2 giant cockroaches
  11 goblins
  5 hobgoblins
  4 jackals (D:3)
  7 kobolds
  A ball python (D:1)
  5 bats (D:3)
  4 giant newts
  5 rats
67 creatures vanquished.

Vanquished Creatures (others)
  A jelly (D:5)
1 creature vanquished.

Grand Total: 68 creatures vanquished

Notes
Turn   | Place    | Note
--------------------------------------------------------------
     0 | D:1      | dorian the Merfolk Ice Elementalist began the quest for the Orb.
     0 | D:1      | Reached XP level 1. HP: 13/13 MP: 3/3
    43 | D:1      | Reached skill level 4 in Ice Magic
    43 | D:1      | Reached XP level 2. HP: 19/19 MP: 0/5
   224 | D:1      | HP: 7/19 [hobgoblin (3)]
   990 | D:2      | HP: 9/19 [adder (1)]
   992 | D:2      | Reached XP level 3. HP: 11/24 MP: 1/6
   996 | D:2      | HP: 9/24 [poisoned by an adder]
  1003 | D:2      | HP: 8/24 [poisoned by an adder]
  1011 | D:2      | HP: 6/24 [poisoned by an adder]
  1335 | D:2      | Noticed Terence
  1353 | D:2      | HP: 12/24 [Terence/short sword (3)]
  1359 | D:2      | HP: 7/24 [Terence/short sword (4)]
  1371 | D:2      | Killed Terence
  1371 | D:2      | Reached skill level 5 in Ice Magic
  1540 | D:2      | Noticed Ijyb
  1542 | D:2      | Reached XP level 4. HP: 20/30 MP: 5/7
  1552 | D:2      | HP: 14/30 [Ijyb/dagger (2)]
  1565 | D:2      | HP: 12/30 [Ijyb/dagger (2)]
  1566 | D:2      | Killed Ijyb
  1741 | D:2      | Learned a level 2 spell: Throw Frost
  2423 | D:3      | Reached skill level 6 in Ice Magic
  2634 | D:3      | Reached XP level 5. HP: 35/35 MP: 8/8
  2741 | D:3      | Noticed Natasha
  2748 | D:3      | Killed Natasha
  2796 | D:3      | Noticed Natasha
  2806 | D:3      | HP: 17/35 [Natasha/magic dart (4)]
  2808 | D:3      | Killed Natasha
  3082 | D:3      | Reached skill level 7 in Ice Magic
  3208 | D:3      | Reached XP level 6. HP: 41/41 MP: 9/9
  3329 | D:3      | Noticed Natasha
  3332 | D:3      | Killed Natasha
  3495 | D:3      | Found a snail-covered altar of Cheibriados.
  3644 | D:3      | Learned a level 4 spell: Throw Icicle
  3701 | D:4      | Reached skill level 1 in Conjurations
  3818 | D:4      | Noticed PeterLawrence's ghost (amateur MiFi)
  3985 | D:4      | You fall through a shaft!
  3985 | D:5      | Entered Level 5 of the Dungeon
  3995 | D:5      | Noticed a phantom
  3999 | D:5      | HP: 20/41 [poisoned by a worker ant]
  4004 | D:5      | HP: 17/41 [poisoned by a worker ant]
  4018 | D:5      | HP: 19/41 [centaur skeleton (3)]
  4022 | D:5      | HP: 7/41 [centaur skeleton (7)]
  4023 | D:5      | Gained mutation: You have a pair of small horns on your head. [potion of mutation]
  4023 | D:5      | Gained mutation: Armour fits poorly on your strangely shaped body. [potion of mutation]
  4023 | D:5      | Gained mutation: Your body sometimes deteriorates upon taking damage. [potion of mutation]
  4024 | D:5      | Slain by a phantom

Skill      XL: |  1  2  3  4  5  6 |
---------------+-------------------+-----
Ice Magic      | 4 5 6 7 |  7.8
Conjurations   | 1 |  1.5
Dodging        | |  2.6
Stealth        | |  2.1
Spellcasting   | |  2.0

Action                   |  1- 3 |  4- 6 || total
-------------------------+-------+-------++-------
Melee: Unarmed           |    30 |    30 ||    60
 Fire: Hunting sling     |       |   107 ||   107
 Cast: Freeze            |    25 |    46 ||    71
  Use: Scroll            |       |     4 ||     4
       Potion            |       |     2 ||     2
 Stab: Sleeping          |       |     1 ||     1
  Eat: Chunk             |     2 |     8 ||    10
Armor: Robe              |     4 |    13 ||    17
       Leather armour    |       |     5 ||     5
Dodge: Dodged            |    25 |    55 ||    80
